 Dungeon Crawl Stone Soup version 0.16-a0-3940-gf8a207b (webtiles) character file.

1107 timbw the Chopper (level 8, 0/61 HPs)
             Began as a Human Berserker on Feb 7, 2015.
             Was a Believer of Trog.
             Succumbed to a killer bee's poison
             ... on level 8 of the Dungeon.
             The game lasted 00:09:56 (2209 turns).

timbw the Chopper (Human Berserker)                 Turns: 2209, Time: 00:09:56

Health: 0/61       AC:  9    Str: 23      XL:     8   Next: 59%
Magic:  8/8        EV: 12    Int:  8      God:    Trog [**....]
Gold:   145        SH:  0    Dex: 14 (17) Spells: 0 memorised, 7 levels left

rFire  . . .     SeeInvis .     a - +0 hand axe
rCold  + . .     Clarity  .     h - +0 scale mail (curse)
rNeg   . . .     SustAb   .     (no shield)
rPois  .         Gourm    .     (no helmet)
rElec  .         Spirit   .     (no cloak)
rCorr  .         Warding  .     g - +1 pair of gloves
rMut   .         Stasis   .     (no boots)
MR     .....                    (no amulet)
Stlth  ..........               s - ring of protection from cold (curse)
                                i - +3 ring of dexterity

@: mighty, lethally poisoned (0 -> -9), exhausted, slowed, very slow, not
resistant to hostile enchantments, extremely unstealthy
A: no striking features
a: Burn Spellbooks, Berserk, Trog's Hand, Renounce Religion


You were on level 8 of the Dungeon.
You worshipped Trog.
Trog was pleased with you.
You were near starving.

You visited 1 branch of the dungeon, and saw 8 of its levels.
You also visited: Ossuary.

You collected 145 gold pieces.

Inventory:

Hand weapons
 a - a +0 hand axe (weapon)
 d - a +12 club
 m - a cursed +0 blowgun
Missiles
 f - 8 tomahawks of returning (quivered)
 n - 5 poisoned needles
 A - 4 curare-tipped needles
Armour
 b - a cursed +0 animal skin
 g - a +1 pair of gloves (worn)
 h - a cursed +0 scale mail (worn)
Jewellery
 i - a +3 ring of dexterity (left hand)
 o - an uncursed ring of positive energy
 s - a cursed ring of protection from cold (right hand)
Magical devices
 q - a wand of digging (8)
Scrolls
 e - a scroll of noise {unknown}
 j - 3 scrolls of identify {unknown}
 k - 3 scrolls of teleportation {unknown}
 r - 2 scrolls of remove curse {unknown}
 u - a scroll of acquirement {unknown}
 y - a scroll of recharging {unknown}
 z - 2 scrolls of amnesia {unknown}
Potions
 l - 2 potions of haste
 t - a potion of invisibility {unknown}
 v - a potion of degeneration
 w - a potion of might
 x - 2 potions of poison {unknown}
Comestibles
 c - 4 bread rations
 p - 2 chunks of flesh


   Skills:
 + Level 4.4 Fighting
 * Level 7.8 Axes
 + Level 3.4 Armour
 * Level 4.8 Dodging


You had 7 spell levels left.
You didn't know any spells.

Dungeon Overview and Level Annotations

Branches:
Dungeon (8/15)             Temple (0/1) D:4
   Lair: D:8-11

Altars:


Message History

You see here a killer bee corpse.
Unknown command.
You feel a strong urge to attack something.
You are no longer berserk.
You are exhausted.
You feel yourself slow down.
You are near starving!
* * * LOW HITPOINT WARNING * * *
You feel sick.
Unknown command.
Drink which item? (? for menu, Esc to quit)
It was a potion of degeneration.
There was something very wrong with that liquid.
You feel clumsy.
* * * LOW HITPOINT WARNING * * *
You feel sick.
Drink which item? (? for menu, Esc to quit)
It was a potion of might.
You feel very mighty all of a sudden.
You die...

.############
.............#
#.........>..$#
..............#
..............#
.........@.....#
........††.≈####
........<.≈##
...........#
.######..≈+
##..# #.≈# ##.≈
...


There were no monsters in sight!

Vanquished Creatures
  A sky beast (D:7)
  A phantom (D:7)
  2 giant frogs
  A scorpion (D:6)
  4 killer bees (D:8)
  A quasit (D:7)
  2 orc priests
  A human zombie (Ossuary)
  6 orc wizards
  2 worker ants
  A gnoll shaman (D:7)
  A killer bee zombie (D:6)
  Ijyb (D:2)
  A hound zombie (Ossuary)
  4 mummies (Ossuary)
  An adder (D:6)
  6 gnolls (D:7)
  A worm (D:6)
  2 adder zombies (Ossuary)
  An adder skeleton (D:7)
  3 giant geckos
  7 orcs
  A bat skeleton (D:4)
  A giant cockroach (D:4)
  5 goblins
  2 hobgoblins
  3 kobolds
  5 bats
  3 giant newts
  2 goblin zombies (Ossuary)
  4 jackal zombies (Ossuary)
  A kobold zombie (Ossuary)
  An orc zombie (Ossuary)
  A quokka zombie (D:6)
  A rat (D:3)
80 creatures vanquished.

Notes
Turn   | Place    | Note
--------------------------------------------------------------
     0 | D:1      | timbw, the Human Berserker, began the quest for the Orb.
     0 | D:1      | Reached XP level 1. HP: 18/18 MP: 1/1
     2 | D:1      | Noticed a spriggan
     4 | D:1      | Noticed an octopode
     6 | D:1      | Noticed an ogre
     6 | D:1      | Noticed a vampire
     8 | D:1      | Noticed an elf
     8 | D:1      | Noticed a draconian
    10 | D:1      | Noticed a felid
    10 | D:1      | Noticed a vine stalker
    12 | D:1      | Noticed a centaur
    12 | D:1      | Noticed a human
    14 | D:1      | Noticed a merfolk
    14 | D:1      | Noticed a demonspawn
    16 | D:1      | Noticed a tengu
    16 | D:1      | Noticed a dwarf
    18 | D:1      | Noticed a naga
    18 | D:1      | Noticed a demigod
    20 | D:1      | Noticed a gargoyle
    22 | D:1      | Noticed a formicid
    22 | D:1      | Noticed a minotaur
    26 | D:1      | Noticed a troll
    26 | D:1      | Noticed a ghoul
    66 | D:2      | Noticed Ijyb
    78 | D:2      | Killed Ijyb
    78 | D:2      | Reached skill level 4 in Axes
    78 | D:2      | Reached XP level 2. HP: 10/24 MP: 2/2
    78 | D:2      | Reached XP level 3. HP: 11/29 MP: 3/3
   174 | D:3      | Reached XP level 4. HP: 29/35 MP: 4/4
   183 | D:3      | Reached skill level 5 in Axes
   587 | D:3      | Acquired Trog's second power
   631 | D:4      | Reached XP level 5. HP: 29/41 MP: 5/5
   698 | D:4      | Reached skill level 6 in Axes
   699 | D:4      | Reached XP level 6. HP: 14/47 MP: 6/6
   731 | D:4      | Found a staircase to the Ecumenical Temple.
   759 | D:4      | Noticed a giant frog
   773 | D:4      | Killed a giant frog
   901 | D:5      | Entered Level 5 of the Dungeon
  1075 | D:6      | Reached XP level 7. HP: 43/52 MP: 7/7
  1153 | D:6      | Found a sand-covered staircase.
  1159 | Ossuary  | Entered an ossuary
  1179 | Ossuary  | Reached skill level 7 in Axes
  1510 | Ossuary  | HP: 1/52 [spear trap (24)]
  1854 | D:7      | Reached XP level 8. HP: 24/60 MP: 8/8
  2206 | D:8      | HP: 4/91 [poisoned by a killer bee]
  2208 | D:8      | HP: 1/61 [poisoned by a killer bee]
  2209 | D:8      | Succumbed to a killer bee's poison

Action                   |  1- 3 |  4- 6 |  7- 9 || total
-------------------------+-------+-------+-------++-------
Melee: Hand axe          |    27 |   143 |   190 ||   360
Invok: Berserk           |     2 |     2 |     5 ||     9
       Trog's Hand       |       |     3 |     6 ||     9
  Use: Potion            |       |     2 |     2 ||     4
  Eat: Chunk             |       |     5 |     3 ||     8
       Beef jerky        |       |     1 |       ||     1
       Meat ration       |       |       |     1 ||     1
